 Dungeon Crawl Stone Soup version 0.29-a0-676-ga64570c (webtiles) character file.

Game seed: 10085900408920049202

618 Dawnplanks the Cudgeller (level 7, 0/70 HPs)
             Began as a Troll Berserker on June 24, 2022.
             Was a Believer of Trog.
             Slain by a gnoll
             ... wielding a +0 halberd
             ... led by a gnoll shaman
              (6 damage)
             ... on level 5 of the Dungeon.
             The game lasted 00:05:19 (2631 turns).

Dawnplanks the Cudgeller (Troll Berserker)          Turns: 2631, Time: 00:05:19

Health: 0/70       AC:  6    Str: 28    XL:     7   Next: 21%
Magic:  6/6        EV: 10    Int:  3    God:    Trog [**....]
Gold:   197        SH:  0    Dex:  9    Spells: 6/6 levels left

rFire   . . .      SeeInvis .   C - +8 trident of the Octopus King {venom, rElec rPois}
rCold   . . .      Faith    .   (no shield)
rNeg    + . .      Spirit   .   g - +1 robe {rN+}
rPois   +          Reflect  .   (helmet restricted)
rElec   +          Harm     .   z - +0 cloak
rCorr   .          Rampage  .   (gloves unavailable)
Will    .....                   (boots unavailable)
Stlth   +.........              (no amulet)
HPRegen 1.01/turn               (no ring)
MPRegen 0.10/turn               (no ring)

@: lit by a corona, on berserk cooldown, slowed, glowing, very slow
A: large, unfitting armour, claws 3, regeneration 1, shaggy fur 1, tough skin 1
a: Renounce Religion, Berserk, Trog's Hand


You were on level 5 of the Dungeon.
You worshipped Trog.
Trog was pleased with you.
You visited 2 branches of the dungeon, and saw 6 of its levels.

You collected 197 gold pieces.

Inventory:

Hand Weapons
 a - a +0 mace
 d - the +4 dagger "Peog" {vorpal, *Corrode rF++ rC+ SInv}
   (You found it on level 2 of the Dungeon)

   It inflicts extra damage upon your enemies.
   rF:        It greatly protects you from fire.
   rC:        It protects you from cold.
   SInv:      It lets you see invisible.
   *Corrode:  It may corrode you when you take damage.
 t - a +3 vorpal flail
 C - the +8 trident of the Octopus King (weapon) {venom, rElec rPois}
   (You found it on level 5 of the Dungeon)

   It poisons the flesh of those it strikes.
   rElec:     It insulates you from electricity.
   rPois:     It protects you from poison.
Missiles
 y - 5 curare-tipped darts (quivered)
Armour
 g - a +1 robe of positive energy (worn)
 z - a +0 cloak (worn)
Wands
 j - a wand of flame (24)
 s - a wand of iceblast (24)
Scrolls
 c - a scroll of enchant armour {unknown}
 h - 3 scrolls of vulnerability {unknown}
 k - a scroll of teleportation {unknown}
 n - a scroll of silence {unknown}
 o - 2 scrolls of identify {unknown}
 p - a scroll of brand weapon {unknown}
 u - a scroll of noise {unknown}
 w - a scroll of poison {unknown}
 x - a scroll of immolation {unknown}
 B - a scroll of magic mapping {unknown}
Potions
 b - a potion of might {unknown}
 e - a potion of lignification {unknown}
 f - a potion of degeneration {unknown}
 i - a potion of brilliance {unknown}
 l - a potion of curing
 m - a potion of heal wounds {unknown}
 q - a potion of mutation {unknown}
 r - a potion of magic {unknown}
 v - a potion of attraction {unknown}
 A - a potion of haste {unknown}


   Skills:
 + Level 4.0 Fighting
 - Level 5.2 Maces & Flails
 + Level 0.2 Polearms
 + Level 4.5 Dodging


You had 6 spell levels left.
You didn't know any spells.
Your spell library contained the following spells:

 Spells                   Type           Power      Damage    Failure   Level
 Ignite Poison            Fire/Tmut/Pois 0%         N/A       88%         3
 Mephitic Cloud           Conj/Pois/Air  0%         N/A       88%         3
 Freezing Cloud           Conj/Ice/Air   0%         6-21      100%        5


Dungeon Overview and Level Annotations

Branches:
Dungeon (5/15)             Temple (1/1) D:4

Altars:
Ashenzari
Cheibriados
Dithmenos
Elyvilon
Fedhas
Gozag
Kikubaaqudgha
Makhleb
Nemelex Xobeh
Okawaru
Qazlal
Ru
Sif Muna
Trog
Uskayaw
Vehumet
Xom
The Shining One

Shops:
D:4 *


Innate Abilities, Weirdness & Mutations

You are too large for most types of armour.
You have claws for hands.
Your natural rate of healing is unusually fast.
You are covered in fur. (AC +1)
You have tough skin. (AC +1)


Message History

The gnoll hits you from afar with a +0 halberd.
You are too injured to fight recklessly!
You are too injured to fight recklessly!
You're too confused to aim your attacks!
You feel less confused.
The orc wizard gestures at you while chanting.
The magic dart hits you!
* * * LOW HITPOINT WARNING * * *
The gnoll hits you from afar with a +0 halberd.
* * * LOW HITPOINT WARNING * * *
You see here an inky potion.
Reach: C) +8 trident of the Octopus King {venom, rElec rPois}
Press: ? - help, Dir - move target, f - orc wizard
Aim: an orc wizard, wielding a +0 dagger and wearing a +0 robe (about 41% to evade the +8 trident of the Octopus King)
You reach to attack!
You puncture the orc wizard!
The orc wizard is severely wounded.
The gnoll barely misses you.
The orc wizard casts a spell.
The orc wizard flickers and vanishes!
Deactivating autopickup; reactivate with Ctrl-A.
The gnoll hits you from afar with a +0 halberd!
* * * LOW HITPOINT WARNING * * *
You closely miss something.
The gnoll hits you from afar with a +0 halberd.
* * * LOW HITPOINT WARNING * * *
Something hits you.
* * * LOW HITPOINT WARNING * * *
You hear some strange, mumbled words.
A puff of flame appears from out of thin air!
The puff of flame hits you!
* * * LOW HITPOINT WARNING * * *
The gnoll misses you.
Reach: C) +8 trident of the Octopus King {venom, rElec rPois}
Press: ? - help, Dir - move target, f - gnoll
Aim: a gnoll, wielding a +0 halberd (about 31% to evade the +8 trident of the Octopus King)
You reach to attack!
You puncture the gnoll!
The gnoll is poisoned.
The gnoll is severely wounded.
Something hits you but does no damage.
The gnoll hits you from afar with a +0 halberd.
You die...

##.......$. # ..........
.### .# #...... .....
...##...).##....
.......).#..###
###...)......# .
#...g......# ..
##..){......# #.
#.>.)@........ ##..####
##.............
.......####....#.......#.
..##.##................
#.#..........#....(....
#.#.##..............^.
#...##..###...........
##......###....#.....#.
#........##..####...


You could see a gnoll (very poisoned).

Vanquished Creatures
  Sigmund (D:2)
  Edmund (D:4)
  2 hounds (D:5)
  A gnoll shaman (D:5)
  Crazy Yiuf (D:4)
  Terence (D:2)
  Ijyb (D:4)
  Natasha (twice) (D:2)
  3 adders
  3 gnolls (D:5)
  A white imp (D:5)
  A worm (D:2)
  4 orcs
  4 endoplasms
  4 giant cockroaches
  2 goblins (D:2)
  8 hobgoblins
  4 jackals (D:2)
  4 quokkas
  2 ball pythons
  4 bats
  3 frilled lizards
  3 kobolds
  3 rats
63 creatures vanquished.

Notes
Turn   | Place    | Note
-------+----------+-------------------------------------------
     0 | D:1      | Dawnplanks the Troll Berserker began the quest for the Orb.
     0 | D:1      | Reached XP level 1. HP: 22/22 MP: 0/0
     6 | D:1      | You fall into a shaft and drop 1 floor!
    45 | D:2      | Identified the +4 dagger "Peog" {vorpal, *Corrode rF++ rC+
                  | SInv}
    91 | D:2      | Noticed Natasha
    97 | D:2      | Killed Natasha
    98 | D:2      | Reached skill level 3 in Maces & Flails
    98 | D:2      | Reached XP level 2. HP: 27/29 MP: 1/1
   111 | D:2      | Reached XP level 3. HP: 35/36 MP: 2/2
   194 | D:2      | Noticed Sigmund
   205 | D:2      | Killed Sigmund
   206 | D:2      | Reached skill level 4 in Maces & Flails
   206 | D:2      | Reached XP level 4. HP: 37/45 MP: 3/3
   206 | D:2      | Reached XP level 5. HP: 43/53 MP: 4/4
   640 | D:2      | Noticed Terence
   650 | D:2      | Killed Terence
   696 | D:2      | Noticed Natasha
   702 | D:2      | Killed Natasha
   703 | D:2      | Reached XP level 6. HP: 58/61 MP: 5/5
   729 | D:2      | Reached ** piety under Trog
   745 | D:2      | Found a sparkling altar of Nemelex Xobeh.
   910 | D:3      | Found an opulent altar of Gozag.
   935 | D:3      | Found an opulent altar of Gozag.
   936 | D:3      | Found an opulent altar of Gozag.
   941 | D:3      | Found an opulent altar of Gozag.
  1699 | D:4      | Found an iron altar of Okawaru.
  1716 | D:4      | Noticed Ijyb
  1737 | D:4      | Killed Ijyb
  1772 | D:4      | Found Qiel's Overcharged Wands.
  1790 | D:4      | Noticed Edmund
  1804 | D:4      | Killed Edmund
  1805 | D:4      | Reached skill level 5 in Maces & Flails
  2024 | D:4      | Found a staircase to the Ecumenical Temple.
  2037 | Temple   | Entered the Ecumenical Temple
  2296 | D:4      | Found a runed translucent door.
  2297 | D:4      | Noticed Crazy Yiuf
  2305 | D:4      | Killed Crazy Yiuf
  2516 | D:5      | Entered Level 5 of the Dungeon
  2530 | D:5      | Reached XP level 7. HP: 56/68 MP: 6/6
  2564 | D:5      | Found the +8 trident of the Octopus King {venom, rElec
                  | rPois}
  2631 | D:5      | Slain by a gnoll

Illustrated notes

Levels and vault maps discovered:
D:1:      nicolae_arrival_washed_ashore, layout_rooms,
          chequers_ecumenical_altar_island, minmay_pentomino_r2
D:2:      layout_basic, basic_altar, uniq_sigmund, uniq_natasha, uniq_terence
D:3:      layout_basic, nicolae_gozag_conspicuous_consumption
D:4:      layout_basic, okawaru_trees_2, minmay_temple_entry_nine_rooms,
          nicolae_shop_overcharged_wands, uniq_edmund, uniq_ijyb,
          uniq_crazy_yiuf_cottage
D:5:      layout_rooms
Temple:   regret_index_temple_sphere_string

Skill      XL: |  1  2  3  4  5  6  7 |
---------------+----------------------+-----
Maces & Flails | 3 4 5 |  5.2
Fighting       | 3 4 |  4.0
Dodging        | 3 4 |  4.5
Polearms       | |  0.2

Action                   |  1- 3 |  4- 6 |  7- 9 || total
-------------------------+-------+-------+-------++-------
Melee: Mace              |    10 |       |       ||    10
       Dagger            |    42 |   117 |       ||   159
       Punch             |       |     3 |       ||     3
       Flail             |       |    23 |       ||    23
       Trident           |       |       |    21 ||    21
Invok: Berserk           |     1 |     3 |     1 ||     5
       Trog's Hand       |       |     3 |       ||     3
 Stab: Sleeping          |       |     1 |       ||     1
Armor: Animal skin       |    21 |       |       ||    21
       Robe              |       |    49 |     5 ||    54
Dodge: Dodged            |    30 |    76 |    22 ||   128

Table legend: (Time is in decaauts)
 A = Elapsed time spent in this place.
 B = Non-inter-level travel time spent in this place.
 C = Inter-level travel time spent in this place.
 D = Time resting spent in this place.
 E = Time spent auto-exploring this place.
 F = Levels seen in this place.
 G = Mean time per level.
                   A        B        C        D        E       F      G
               +--------+--------+--------+--------+--------+-----+--------+
         Total |   2673 |   2546 |    127 |      3 |   2060 |   6 |  445.5 |
       Dungeon |   2526 |   2407 |    119 |      3 |   1933 |   5 |  505.2 |
        Temple |    147 |    139 |      8 |      0 |    127 |   1 |  147.0 |
               +--------+--------+--------+--------+--------+-----+--------+

Top non-repeatable levels by time:
     D:2: 886 daAuts
     D:4: 844 daAuts
     D:3: 668 daAuts
  Temple: 147 daAuts
     D:5: 120 daAuts
     D:1: 6 daAuts
